 Dungeon Crawl Stone Soup version 0.29-a0-317-gd16b76e6b1 (webtiles) character file.

Game seed: 9998071132148443459

76 Inarius the Chopper (level 4, -2/35 HPs)
             Began as a Human Chaos Knight on Mar 31, 2022.
             Was a Plaything of Xom.
             Slain by an ice beast (7 damage)
             ... on level 2 of the Dungeon.
             The game lasted 00:02:04 (1410 turns).

Inarius the Chopper (Human Chaos Knight)            Turns: 1410, Time: 00:02:04

Health: -2/35      AC:  5    Str: 14    XL:     4   Next: 57%
Magic:  4/4        EV: 11    Int: 12    God:    Xom [..*...]
Gold:   81         SH:  0    Dex: 13    Spells: 3/3 levels left

rFire   . . .      SeeInvis .   a - +0 hand axe (chaos)
rCold   . . .      Faith    .   (no shield)
rNeg    . . .      Spirit   .   b - +2 leather armour
rPois   .          Reflect  .   (no helmet)
rElec   .          Harm     .   (no cloak)
rCorr   .          Rampage  .   (no gloves)
Will    .....                   (no boots)
Stlth   +.........              (no amulet)
HPRegen 0.11/turn               d - ring of flight
MPRegen 0.09/turn               (no ring)

@: flying
A: no striking features
a: Renounce Religion


You were on level 2 of the Dungeon.
You worshipped Xom.
You were a toy of Xom.
You visited 1 branch of the dungeon, and saw 2 of its levels.

You collected 136 gold pieces.
You spent 55 gold pieces at shops.

Inventory:

Hand Weapons
 a - a +0 hand axe of chaos (weapon)
Armour
 b - a +2 leather armour (worn)
 i - a +0 chain mail
Jewellery
 d - a ring of flight (left hand)
Scrolls
 g - a scroll of summoning {unknown}
 h - a scroll of vulnerability {unknown}
 l - a scroll of fear {unknown}
 m - a scroll of identify {unknown}
 n - a scroll of amnesia {unknown}
Potions
 e - a potion of lignification {unknown}
 f - 2 potions of ambrosia {unknown}
 j - a potion of flight {unknown}
 k - a potion of heal wounds
 o - a potion of brilliance {unknown}
Miscellaneous
 c - a piece from Xom's chessboard (13/15) (quivered)


   Skills:
 + Level 3.4 Fighting
 * Level 4.2 Axes
 + Level 2.2 Armour
 + Level 1.3 Dodging
 + Level 0.1 Stealth
 * Level 1.0 Evocations


You had 3 spell levels left.
You didn't know any spells.
Your spell library contained the following spells:

 Spells                   Type           Power      Damage    Failure   Level
 Summon Small Mammal      Summ           0%         N/A       38%         1
 Call Canine Familiar     Summ           0%         N/A       77%         3
 Summon Guardian Golem    Hex/Summ       0%         N/A       77%         3
 Cause Fear               Hex            0%         N/A       99%         4
 Dragon Form              Tmut           0%         N/A       100%        7
 Dragon's Call            Summ           0%         N/A       100%        9


Dungeon Overview and Level Annotations

Branches:
Dungeon (2/15)

Altars:
Beogh

Shops:
D:2 !


Message History

The ice beast is moderately wounded.
The helpless ice beast fails to defend itself.
You hit the ice beast.
You melt the ice beast.
You punch the ice beast, but do no damage.
The ice beast is heavily wounded.
The helpless ice beast fails to defend itself.
You hit the ice beast.
The ice beast is heavily wounded.
The helpless ice beast fails to defend itself.
You hit the ice beast.
The ice beast is heavily wounded.
The helpless ice beast fails to defend itself.
You hit the ice beast but do no damage.
The ice beast is heavily wounded.
The helpless ice beast fails to defend itself.
You hit the ice beast but do no damage.
The ice beast appears confused.
The ice beast is heavily wounded.
The ice beast is no longer petrified.
The ice beast hits you. The ice beast freezes you!
* * * LOW HITPOINT WARNING * * *
Xom is highly amused!
The ice beast hits itself.
You hit the ice beast.
Space warps around the ice beast.
The ice beast is severely wounded.
You strike the helpless ice beast from behind!
You hit the ice beast but do no damage.
The ice beast is severely wounded.
You make a move on Xom's chessboard...
The ice beast resists with significant effort.
You hit the ice beast but do no damage. You drain the ice beast.
The ice beast is severely wounded.
You catch the helpless ice beast completely off-guard!
You hit the ice beast.
The ice beast appears confused.
The ice beast is almost dead.
You hit the ice beast but do no damage.
The ice beast is almost dead.
The ice beast hits you.
* * * LOW HITPOINT WARNING * * *
The ice beast freezes you!
You die...

..# #..∩......# #.#
#.# #.## ###........##
### #.#
#..######.....##..##
#.#
..........#.####...##
#.#
##.####..............
#.#
...†...........#...##
#.#
##..†.#...######...###
#.# ##.........##
#.....## #.#
#...........#
#@###..### #.#
#...........# #Y#
##...##### #.#
#...........# #.#
###.....# #.#
##.........## #.#
#####†###.#
##...#...## #.#
#...#.# ######### #.#
###.#.# ### #...#
#####


You could see an ice beast (confused, drained).

Vanquished Creatures
  Jessica (D:2)
  6 dart slugs (D:1)
  5 endoplasms
  2 giant cockroaches
  2 hobgoblins
  4 ball pythons
  5 bats
  4 frilled lizards
  5 goblins
  4 kobolds
  2 rats
40 creatures vanquished.

Notes
Turn   | Place    | Note
-------+----------+-------------------------------------------
     0 | D:1      | Inarius the Human Chaos Knight began the quest for the Orb.
     0 | D:1      | Reached XP level 1. HP: 18/18 MP: 1/1
   278 | D:1      | Reached XP level 2. HP: 22/24 MP: 2/2
   412 | D:1      | XOM: silly message
   492 | D:1      | Reached XP level 3. HP: 29/29 MP: 3/3
   681 | D:1      | XOM: silly message
   807 | D:1      | XOM: silly message
   851 | D:1      | Found a faded altar of an unknown god.
  1003 | D:2      | Found Quher's Distillery.
  1017 | D:2      | Bought a potion of heal wounds for 55 gold pieces
  1157 | D:2      | Reached XP level 4. HP: 35/35 MP: 4/4
  1258 | D:2      | Reached skill level 4 in Axes
  1292 | D:2      | Noticed Jessica
  1296 | D:2      | XOM: noise
  1299 | D:2      | Killed Jessica
  1300 | D:2      | Reached skill level 1 in Evocations
  1391 | D:2      | Noticed an ice beast
  1391 | D:2      | an adder changed into an ice beast
  1410 | D:2      | Slain by an ice beast

Illustrated notes

Levels and vault maps discovered:
D:1:      matt_arrival_grand_opening, layout_loops_ring,
          hellmonk_ecumenical_altar_defaced_shrine
D:2:      layout_rooms, serial_shops, shop, kennysheep_generic_room_3,
          uniq_jessica

Skill      XL: |  1  2  3  4 |
---------------+-------------+-----
Axes           | 4 |  4.2
Evocations     | 1 |  1.0
Fighting       | |  3.4
Armour         | |  2.2
Dodging        | |  1.3
Stealth        | |  0.1

Action                   |  1- 3 |  4- 6 || total
-------------------------+-------+-------++-------
Melee: Hand axe          |   103 |    36 ||   139
       Punch             |     1 |     1 ||     2
Evoke: Piece from Xom's  |       |     2 ||     2
 Stab: Petrified         |     1 |     8 ||     9
       Petrifying        |     1 |     2 ||     3
       Confused          |       |     2 ||     2
Armor: Leather armour    |    39 |     5 ||    44
Dodge: Dodged            |    59 |    10 ||    69

Table legend: (Time is in decaauts)
 A = Elapsed time spent in this place.
 B = Non-inter-level travel time spent in this place.
 C = Inter-level travel time spent in this place.
 D = Time resting spent in this place.
 E = Time spent auto-exploring this place.
 F = Levels seen in this place.
 G = Mean time per level.
                   A        B        C        D        E       F      G
               +--------+--------+--------+--------+--------+-----+--------+
         Total |   1425 |   1395 |     30 |    173 |    921 |   2 |  712.5 |
       Dungeon |   1425 |   1395 |     30 |    173 |    921 |   2 |  712.5 |
               +--------+--------+--------+--------+--------+-----+--------+

Top non-repeatable levels by time:
     D:1: 951 daAuts
     D:2: 473 daAuts
